 Dungeon Crawl Stone Soup version 0.20-b1-24-gb21faa7 (webtiles) character file.

1684 oliv1008 the Geomancer (level 9, -2/52 HPs)
             Began as a Gargoyle Earth Elementalist on May 25, 2017.
             Was a Believer of Vehumet.
             Slain by an orc warrior
             ... wielding a +0 trident
              (6 damage)
             ... on level 6 of the Dungeon.
             The game lasted 00:42:45 (9616 turns).

oliv1008 the Geomancer (GrEE)                       Turns: 9616, Time: 00:42:47

Health: -2/52      AC: 10    Str: 11    XL:     9   Next: 2%
Magic:  0/12       EV: 12    Int: 20    God:    Vehumet [**....]
Gold:   275        SH:  0    Dex: 10    Spells: 8/12 levels left

rFire    + . .     SeeInvis .   h - +0 dagger
rCold    + . .     Gourm    +   (no shield)
rNeg     + + .     Faith    .   c - +0 robe
rPois    ∞         Spirit   .   f - +0 helmet
rElec    +         Reflect  .   (no cloak)
rCorr    +         Harm     .   k - +0 pair of gloves
MR       .....                  (no boots)
Stlth    ++........             s - amulet of the gourmand
Regen    0.2/turn               j - ring of positive energy
MPRegen  0.2/turn               (no ring)

@: resistant
A: negative energy resistance 1, electricity resistance, unbreathing,
petrification resistance, rot immunity, AC +5
a: Renounce Religion


You were on level 6 of the Dungeon.
You worshipped Vehumet.
Vehumet was pleased with you.
You were very full.

You visited 1 branch of the dungeon, and saw 6 of its levels.

You collected 275 gold pieces.

Inventory:

Hand Weapons
 h - a +0 dagger (weapon)
Missiles
 g - 39 stones (quivered)
Armour
 c - a +0 robe (worn)
 f - a +0 helmet (worn)
 k - a +0 pair of gloves (worn)
 x - a +2 leather armour of cold resistance
Jewellery
 j - a ring of positive energy (left hand)
 s - an amulet of the gourmand (around neck)
Scrolls
 b - a scroll of fog {unknown}
 i - 3 scrolls of remove curse
 n - a scroll of recharging
 o - 2 scrolls of amnesia {unknown}
 t - 4 scrolls of identify
 u - 2 scrolls of fear {unknown}
 v - a scroll of holy word {unknown}
 w - a scroll of acquirement {unknown}
 y - a scroll of immolation {unknown}
Potions
 a - a potion of degeneration
 p - 2 potions of lignification
 A - a potion of curing {unknown}
 B - a potion of agility {unknown}
Books
 e - a book of Geomancy

   Spells                             Type                      Level
   a - Sandblast                      Earth                        1
   b - Passwall                       Transmutation/Earth          2
   c - Stone Arrow                    Conjuration/Earth            3
   d - Petrify                        Transmutation/Earth          4
   e - Lee's Rapid Deconstruction     Earth                        5
Comestibles
 d - 6 bread rations
 l - 5 royal jellies
 m - 6 meat rations
 z - a fruit


   Skills:
 - Level 4.0 Fighting
 - Level 3.2 Armour
 - Level 1.5 Dodging
 - Level 2.1 Stealth
 - Level 2.0 Spellcasting
 - Level 5.1 Conjurations
   Level 0.7 Transmutations
 * Level 10.8 Earth Magic


You had 8 spell levels left.
You knew the following spells:

 Your Spells              Type           Power        Failure   Level  Hunger
a - Sandblast             Erth           #####.       1%          1    #......
b - Stone Arrow           Conj/Erth      ####..       1%          3    ###....


Dungeon Overview and Level Annotations

Branches:
Dungeon (6/15)
 Temple: D:4-7

Altars:
Cheibriados
Fedhas
Gozag
Makhleb
Qazlal
Trog
Vehumet
Yredelemnul


Innate Abilities, Weirdness & Mutations

You are resistant to torment.
Your stone body is resilient. (AC +5)
You are immune to poison.
You resist negative energy. (rN+)
You are resistant to electric shocks. (rElec)
You can survive without breathing.
You are immune to petrification.
You are immune to rotting.


Message History

The blast of sand hits the orc warrior.
The orc warrior is heavily wounded.
g - 40 stones The orc warrior closely misses you.
Casting: Sandblast
Confirm with . or Enter, or press ? or * to list all spells.
Aiming: Sandblast
Press: ? - help, Shift-Dir - straight line, f/p - orc warrior
Aim: an orc warrior, wielding a trident and wearing a plate armour (heavily wounded)
The blast of sand hits the orc warrior.
The orc warrior is heavily wounded.
g - 39 stones The orc warrior closely misses you.
You closely miss the orc warrior.
The orc warrior is heavily wounded.
The orc warrior hits you but does no damage.
You hit the orc warrior but do no damage.
The orc warrior is heavily wounded.
The orc warrior hits you with a trident.
You die...

######## #......#
#..@...# #..o...#
#......# #......#
#......#
#######)####### ####
#.............# #....
#.............###.....
#......♣......#.......


You could see an orc warrior.

Vanquished Creatures
  The ghost of donomii the Stinger, an amateur BaVM (D:4)
  Duvessa (D:6)
  An ice beast (D:6)
  2 phantoms
  A sky beast (D:4)
  A centaur (D:5)
  A bullfrog (D:2)
  Dowan (D:6)
  A scorpion (D:4)
  2 crimson imps
  2 hounds
  2 centaur skeletons
  2 orc priests (D:4)
  5 orc wizards
  3 worker ants
  A howler monkey zombie (D:3)
  Robin (D:3)
  3 gnolls (D:2)
  A howler monkey skeleton (D:4)
  10 adders
  3 river rats (D:5)
  2 shadow imps
  An adder skeleton (D:4)
  3 worms
  2 dart slugs
  6 leopard geckos
  20 orcs
  4 ball pythons
  7 bats
  4 giant cockroaches
  24 goblins
  10 hobgoblins
  7 jackals
  3 quokkas
  8 frilled lizards
  A giant cockroach zombie (D:5)
  6 kobolds
  A leopard gecko skeleton (D:5)
  A quokka skeleton (D:4)
  8 rats
163 creatures vanquished.

Notes
Turn   | Place    | Note
-------+----------+-------------------------------------------
     0 | D:1      | oliv1008 the Gargoyle Earth Elementalist began the quest for the Orb.
     0 | D:1      | Reached XP level 1. HP: 10/10 MP: 3/3
   175 | D:1      | Reached skill level 4 in Earth Magic
   229 | D:1      | Reached XP level 2. HP: 15/15 MP: 3/5
   722 | D:1      | Reached skill level 5 in Earth Magic
   722 | D:1      | Reached XP level 3. HP: 19/19 MP: 2/6
   766 | D:1      | Learned a level 3 spell: Stone Arrow
  1615 | D:2      | Reached XP level 4. HP: 23/24 MP: 0/7
  1724 | D:2      | Found an opulent altar of Gozag.
  1724 | D:2      | Found a snail-covered altar of Cheibriados.
  1724 | D:2      | Found a basalt altar of Yredelemnul.
  1815 | D:2      | Found a radiant altar of Vehumet.
  1820 | D:2      | Reached skill level 6 in Earth Magic
  2044 | D:2      | Found a bloodstained altar of Trog.
  2145 | D:2      | Reached skill level 1 in Conjurations
  2461 | D:2      | Became a worshipper of Vehumet
  2537 | D:2      | Reached XP level 5. HP: 20/28 MP: 3/8
  3409 | D:3      | Noticed Robin
  3775 | D:2      | Reached XP level 6. HP: 21/32 MP: 0/9
  3782 | D:2      | Reached * piety under Vehumet
  3782 | D:2      | Offered knowledge of Shock by Vehumet.
  3962 | D:3      | Killed Robin
  4448 | D:3      | Reached skill level 5 in Conjurations
  4971 | D:4      | Noticed donomii's ghost (amateur BaVM)
  5052 | D:4      | Killed donomii's ghost
  5052 | D:4      | Reached skill level 7 in Earth Magic
  5052 | D:4      | Reached XP level 7. HP: 19/36 MP: 0/10
  5077 | D:4      | Reached skill level 8 in Earth Magic
  5976 | D:4      | Reached skill level 9 in Earth Magic
  6151 | D:4      | Reached skill level 1 in Fighting
  6224 | D:4      | Offered knowledge of Magic Dart by Vehumet.
  6241 | D:4      | Reached XP level 8. HP: 33/44 MP: 8/11
  6339 | D:4      | Reached ** piety under Vehumet
  7028 | D:4      | Found a burning altar of Makhleb.
  7100 | D:5      | Entered Level 5 of the Dungeon
  7152 | D:5      | Found a blossoming altar of Fedhas.
  7152 | D:5      | Found a stormy altar of Qazlal.
  7520 | D:5      | Found Upumul's Book Boutique.
  8240 | D:5      | Offered knowledge of Dazzling Spray by Vehumet.
  8525 | D:6      | Noticed Duvessa
  8525 | D:6      | Noticed Dowan
  9080 | D:6      | Killed Duvessa
  9080 | D:6      | Reached skill level 10 in Earth Magic
  9084 | D:6      | Killed Dowan
  9602 | D:6      | Reached XP level 9. HP: 16/52 MP: 6/12
  9605 | D:6      | HP: 2/52 [orc warrior/trident (1)]
  9616 | D:6      | Slain by an orc warrior

Skill      XL: |  1  2  3  4  5  6  7  8 |
---------------+-------------------------+-----
Earth Magic    | 4 5 6 7 9 10 | 10.8
Conjurations   | 2 4 5 |  5.1
Fighting       | 1 4 |  4.0
Armour         | 3 |  3.2
Dodging        | |  1.5
Stealth        | |  2.1
Spellcasting   | |  2.0
Transmutations | |  0.7

Action                   |  1- 3 |  4- 6 |  7- 9 || total
-------------------------+-------+-------+-------++-------
Melee: Unarmed           |     1 |       |       ||     1
       Dagger            |    21 |   224 |   105 ||   350
 Cast: Sandblast         |    49 |     6 |    24 ||    79
       Stone Arrow       |     3 |    70 |    83 ||   156
  Use: Scroll            |     1 |     3 |     2 ||     6
       Potion            |       |     2 |     3 ||     5
  Eat: Chunk             |     3 |    25 |    23 ||    51
       Meat ration       |       |     1 |       ||     1
Armor: Robe              |    12 |    92 |    51 ||   155
Dodge: Dodged            |    22 |   149 |    72 ||   243
